 Dungeon Crawl Stone Soup version 0.22.1-2-g9c5b331 (webtiles) character file.

1593 Ultimateday the Skirmisher (level 8, -1/65 HPs)
             Began as a Mummy Monk on Dec 18, 2018.
             Was an Initiate of Gozag.
             Slain by an orc warrior
             ... wielding a +0 mace
              (10 damage)
             ... on level 6 of the Dungeon.
             The game lasted 00:16:10 (8495 turns).

Ultimateday the Skirmisher (Mummy Monk)             Turns: 8495, Time: 00:16:10

Health: -1/65      AC: 13    Str: 15    XL:     8   Next: 62%
Magic:  14/14      EV:  8    Int: 11    God:    Gozag
Gold:   415        SH:  0    Dex: 14    Spells: 15/15 levels left

rFire    x . .     SeeInvis .   a - +0 falchion
rCold    + . .     Gourm    .   (no shield)
rNeg     + + +     Faith    .   r - +1 chain mail
rPois    ∞         Spirit   .   i - +2 hat
rElec    .         Reflect  .   h - +0 cloak
rCorr    .         Harm     .   (no gloves)
MR       +....                  f - +0 pair of boots
Stlth    ..........             (no amulet)
HPRegen  0.20/turn              (no ring)
MPRegen  0.14/turn              (no ring)

@: about to teleport
A: no food or potions, fire vulnerability, cold resistance 1, negative energy
resistance 3, torment resistance, unbreathing
a: Potion Petition, Call Merchant, Bribe Branch, Renounce Religion


You were on level 6 of the Dungeon.
You worshipped Gozag.
Gozag was aware of your devotion.
You were not hungry.

You visited 2 branches of the dungeon, and saw 7 of its levels.

You collected 415 gold pieces.

Inventory:

Hand Weapons
 a - a +0 falchion (weapon)
 b - a +0 hunting sling
   (You took it off a goblin on level 2 of the Dungeon)
Missiles
 p - 14 sling bullets
Armour
 f - a +0 pair of boots (worn)
   (You found it on level 5 of the Dungeon)
 h - a +0 cloak (worn)
   (You found it on level 2 of the Dungeon)
 i - a +2 hat (worn)
   (You found it on level 5 of the Dungeon)
 n - a +0 robe
 r - a +1 chain mail (worn)
   (You found it on level 6 of the Dungeon)
Wands
 o - a wand of disintegration (11)
   (You found it on level 5 of the Dungeon)
Scrolls
 c - a scroll of amnesia
 d - 3 scrolls of remove curse
 e - 5 scrolls of identify
 j - a scroll of blinking {!r}
 l - 2 scrolls of teleportation


   Skills:
 + Level 6.3 Fighting
 + Level 5.2 Long Blades
 + Level 5.2 Dodging
 + Level 3.1 Stealth
 - Level 4.2 Spellcasting


You had 15 spell levels left.
You didn't know any spells.
Your spell library contained the following spells:

 Spells                   Type           Power        Failure   Level  Hunger
 Corona                   Hex            #......      99%         1    N/A
 Ensorcelled Hibernation  Hex/Ice        #.....       100%        2    N/A
 Confuse                  Hex            #.......     100%        3    N/A
 Dazzling Spray           Conj/Hex       #.....       100%        3    N/A
 Tukima's Dance           Hex            #.......     100%        3    N/A

Dungeon Overview and Level Annotations

Branches:
Dungeon (6/15)             Temple (1/1) D:5

Altars:
Ashenzari
Cheibriados
Dithmenos
Elyvilon
Fedhas
Gozag
Hepliaklqana
Kikubaaqudgha
Makhleb
Nemelex Xobeh
Okawaru
Qazlal
Ru
Sif Muna
Trog
Uskayaw
Vehumet
Wu Jian
Xom
Yredelemnul
Zin
The Shining One

Shops:
D:4 !

Annotations:
D:5 1 runed door, Tramtrist's ghost, amateur DDFi


Innate Abilities, Weirdness & Mutations

You do not eat or drink.
Your flesh is vulnerable to fire.
You are immune to poison.
Your flesh is cold resistant. (rC+)
You are immune to negative energy. (rN+++)
You are immune to unholy pain and torment.
You can survive without breathing.


Message History

You take 4 damage, and have 38/65 hp.
You are too injured to fight recklessly!
You are too injured to fight recklessly!
You are too injured to fight recklessly!
You are too injured to fight recklessly!
You are too injured to fight recklessly!
You are too injured to fight recklessly!
You are too injured to fight recklessly!
You are too injured to fight recklessly!
You are too injured to fight recklessly!
You are too injured to fight recklessly!
You are too injured to fight recklessly!
You are too injured to fight recklessly!
You are too injured to fight recklessly!
You are too injured to fight recklessly!
You are too injured to fight recklessly!
You are too injured to fight recklessly!
You are too injured to fight recklessly!
You are too injured to fight recklessly!
You are too injured to fight recklessly!
You are too injured to fight recklessly!
You are too injured to fight recklessly!
You are too injured to fight recklessly!
You hit the orc but do no damage. The orc completely misses you.
You hit the orc.
You kill the orc!
You now have 415 gold pieces (gained 4).
e - 6 scrolls of identify (gained 1)
Things that are here:
an enchanted flail; a leather armour You start resting.
Health restored: 65
There is a stone staircase leading down here.
As you read the scroll of identify, it crumbles to dust.
k - a scroll of enchant armour You climb downwards.
There is a stone staircase leading up here.
There are no items here.
Things that are here:
a scale mail; a flail
q - a scale mail Search for what [Enter for "goz", or ? for help]? armor
There is a stone staircase leading up here.
An orc warrior comes into view. It is wielding a mace.
The orc warrior moves out of view.
You see here a chain mail.
r - a chain mail Wear which item? (? for menu, Esc to quit)
You start removing your armour.
You continue taking off your +0 ring mail. x4
You finish taking off your +0 ring mail.
You start putting on your armour.
You continue putting on your chain mail. x5
You finish putting on your +0 chain mail.
Drop what? 18/52 slots (_ for help) (? for menu, Esc to quit)
Okay, then.
Drop what? 18/52 slots (_ for help) (? for menu, Esc to quit)
You drop a +0 ring mail.
You drop a +0 helmet.
You drop a scale mail.
As you read the scroll of enchant armour, it crumbles to dust.
Your +0 chain mail glows green for a moment.
The orc warrior shouts!
You slash the orc warrior! The orc warrior hits you with a mace.
You take 5 damage, and have 60/65 hp.
You barely miss the orc warrior. The orc warrior hits you with a mace.
You take 4 damage, and have 56/65 hp.
You barely miss the orc warrior.
You hit the orc warrior but do no damage.
The orc warrior hits you with a mace.
You take 5 damage, and have 51/65 hp.
You hit the orc warrior. The orc warrior hits you with a mace!
You take 7 damage, and have 44/65 hp.
You hit the orc warrior. The orc warrior hits you with a mace!!
You take 18 damage, and have 26/65 hp.
MASSIVE DAMAGE!!
You hit the orc warrior. The orc warrior hits you with a mace!
* * * LOW HITPOINT WARNING * * *
You take 8 damage, and have 18/65 hp.
You hit the orc warrior. The orc warrior hits you with a mace!
* * * LOW HITPOINT WARNING * * *
You take 14 damage, and have 4/65 hp.
MASSIVE DAMAGE!!
Things that are here:
a scale mail; a +0 helmet; a +0 ring mail
There is a stone staircase leading up here.
There is a snail-covered altar of Cheibriados here.
The adder hisses angrily.
The adder bites you but does no damage.
As you read the scroll of teleportation, it crumbles to dust.
You feel strangely unstable. The adder bites you but does no damage.
You miss the adder. The orc warrior hits you with a mace.
* * * LOW HITPOINT WARNING * * *
The adder bites you but does no damage.
You take 3 damage, and have 9/65 hp.
You hit the adder. The adder bites you but does no damage.
The orc warrior hits you with a mace!
You die...
Your body crumbles into a pile of gold.

.......# #.##.# #.#
#.#.#.####.##.#### #.#
.....#...........# ##.##
###.#.##########.######...#
....# #.##.....#.# #.# #
#.##.###...# .#
#.#.#[.##### #S##.#.#
#@####.# #.# #o# #.# #.#
#.# #.# #.# #.#
##.######### #.# #.#
#..........# #.# #.#
#..#######.# #.###
#.###..#######.#
###...###..##.......##.#
#......###.##.#####.##.#


You could see an orc warrior and an adder.

Vanquished Creatures
  Grinder (D:5)
  A sky beast (D:6)
  An ice beast (D:6)
  2 ogres
  A phantom (D:6)
  A centaur (D:6)
  3 bullfrogs (D:5)
  A howler monkey (D:3)
  A crimson imp (D:6)
  2 hounds
  2 orc wizards
  2 bullfrog skeletons
  Jessica (D:2)
  Natasha (thrice) (D:2)
  2 iguanas
  3 worker ants
  A hound skeleton (D:5)
  A worker ant zombie (D:5)
  11 adders
  A shadow imp (D:5)
  2 adder skeletons
  2 worms
  3 dart slugs (D:1)
  6 leopard geckos
  11 orcs
  6 giant cockroaches
  12 goblins
  7 hobgoblins
  7 jackals
  3 quokkas
  5 bats
  6 frilled lizards
  A giant cockroach zombie (D:5)
  A jackal skeleton (D:4)
  7 kobolds
  5 rats
125 creatures vanquished.

Vanquished Creatures (others)
  2 withered plants (D:5)
2 creatures vanquished.

Grand Total: 127 creatures vanquished

Notes
Turn   | Place    | Note
-------+----------+-------------------------------------------
     0 | D:1      | Ultimateday the Mummy Monk began the quest for the Orb.
     0 | D:1      | Reached XP level 1. HP: 18/18 MP: 1/1
   604 | D:1      | Reached XP level 2. HP: 24/24 MP: 1/3
   671 | D:1      | Reached skill level 1 in Spellcasting
  1104 | D:1      | Reached XP level 3. HP: 29/29 MP: 5/5
  1678 | D:2      | Noticed Natasha
  1687 | D:2      | Killed Natasha
  1687 | D:2      | Reached skill level 3 in Long Blades
  1687 | D:2      | Reached skill level 3 in Dodging
  1687 | D:2      | Reached skill level 2 in Spellcasting
  1687 | D:2      | Reached XP level 4. HP: 15/36 MP: 5/7
  1861 | D:2      | Noticed Natasha
  2432 | D:2      | Killed Natasha
  2432 | D:2      | Reached XP level 5. HP: 18/42 MP: 7/9
  2582 | D:2      | Noticed Natasha
  2595 | D:2      | Killed Natasha
  2611 | D:2      | Reached skill level 4 in Fighting
  2665 | D:2      | Reached skill level 3 in Spellcasting
  2904 | D:2      | Noticed Jessica
  2913 | D:2      | Killed Jessica
  3231 | D:3      | Reached XP level 6. HP: 48/48 MP: 9/11
  3993 | D:3      | HP: 3/48 [ogre/giant spiked club (27)]
  4332 | D:3      | HP: 5/48 [ogre/giant spiked club (23)]
  5203 | D:4      | Found Ibaewipn's Distillery.
  5315 | D:4      | Found a shadowy altar of Dithmenos.
  5385 | D:4      | Reached skill level 4 in Spellcasting
  5810 | D:5      | Entered Level 5 of the Dungeon
  5831 | D:5      | Noticed Grinder
  5974 | D:5      | Reached XP level 7. HP: 45/55 MP: 13/13
  6083 | D:5      | Reached skill level 4 in Dodging
  6084 | D:5      | Paralysed by Grinder for 2 turns
  6101 | D:5      | Found a runed door.
  6101 | D:5      | Noticed Tramtrist's ghost (amateur DDFi)
  6102 | D:5      | Paralysed by Grinder for 3 turns
  6114 | D:5      | Killed Grinder
  6114 | D:5      | Reached skill level 5 in Fighting
  6114 | D:5      | Reached skill level 4 in Long Blades
  6283 | D:5      | Found a staircase to the Ecumenical Temple.
  6304 | Temple   | Entered the Ecumenical Temple
  6388 | Temple   | Became a worshipper of Gozag Ym Sagoz the Greedy
  7077 | D:6      | Found a snail-covered altar of Cheibriados.
  7094 | D:5      | Reached skill level 2 in Stealth
  7094 | D:5      | Reached XP level 8. HP: 53/64 MP: 14/14
  7379 | D:5      | Reached skill level 6 in Fighting
  7454 | D:5      | Reached skill level 5 in Dodging
  7642 | D:6      | Reached skill level 5 in Long Blades
  7822 | D:6      | HP: 14/64 [something (5)]
  7832 | D:6      | HP: 16/64 [sky beast (1)]
  7834 | D:6      | Reached skill level 3 in Stealth
  8450 | D:6      | HP: 4/65 [orc warrior/mace (14)]
  8494 | D:6      | HP: 9/65 [orc warrior/mace (4)]
  8495 | D:6      | Slain by an orc warrior

Skill      XL: |  1  2  3  4  5  6  7  8 |
---------------+-------------------------+-----
Spellcasting   | 1 2 3 4 |  4.2
Long Blades    | 3 4 5 |  5.2
Dodging        | 3 4 5 |  5.2
Fighting       | 4 5 6 |  6.3
Stealth        | 2 3 |  3.1

Action                   |  1- 3 |  4- 6 |  7- 9 || total
-------------------------+-------+-------+-------++-------
Melee: Falchion          |   136 |   234 |   290 ||   660
 Fire: Hunting sling     |       |       |     8 ||     8
Throw: Tomahawk          |     7 |    33 |       ||    40
       Stone             |       |     3 |       ||     3
  Use: Scroll            |       |     9 |     3 ||    12
 Stab: Sleeping          |     1 |     1 |       ||     2
       Distracted        |       |     1 |       ||     1
Armor: Robe              |    14 |       |       ||    14
       Ring mail         |    25 |    60 |   117 ||   202
       Chain mail        |       |       |     4 ||     4
Dodge: Dodged            |   105 |   156 |   189 ||   450
       Rpst.: Falchion   |    27 |    44 |    58 ||   129

Vault maps used:
D:1:      dpeg_arrival_concentric_ovals
D:2:      first_ration, kennysheep_generic_room_13, uniq_natasha, uniq_jessica
D:4:      serial_shops, shop, nicolae_dithmenos_shadow_blocks
D:5:      minmay_temple_entry_water_ring, gammafunk_ghost_grave, uniq_grinder
D:6:      cheibriados_altar_1, uniq_sigmund
Temple:   grunt_wide_crystal_templ

Table legend:
 A = Turns spent in this place as a percentage of turns spent in the entire game.
 B = Non-inter-level travel turns spent in this place as a percentage of non-inter-level travel turns spent in the entire game.
 C = Inter-level travel turns spent in this place as a percentage of turns spent in this place.
 D = Turns resting spent in this place as a percentage of non-inter-level travel turns spent in this place.
 E = Turns spent auto-exploring this place as a percentage of non-inter-level travel turns spent in this place.
 F = Non-inter-level travel turns spent in this place divided by the number of levels of this place that you've seen.
                   A       B       C       D       E      F
               +-------+-------+-------+-------+-------+----------------------
         Total | 100.0 | 100.0 |   4.5 |  46.2 |  27.9 | 1159.3
       Dungeon |  98.9 |  99.1 |   4.3 |  46.6 |  27.3 | 1340.7
        Temple |   1.1 |   0.9 |  23.7 |   0.0 |  95.8 |  71.0
               +-------+-------+-------+-------+-------+----------------------

Table legend:
 A = Kills in this place as a percentage of kills in entire the game.
 B = Kills by you in this place as a percentage of kills by you in the entire game.
 C = Kills by friends in this place as a percentage of kills by friends in the entire game.
 D = Other kills in this place as a percentage of other kills in the entire game.
 E = Experience gained in this place as a percentage of experience gained in the entire game.
 F = Experience gained in this place divided by the number of levels of this place that you have seen.
                   A       B       C       D       E      F
               +-------+-------+-------+-------+-------+----------------------
         Total | 100.0 | 100.0 |   N/A |   N/A | 100.0 | 325.3
       Dungeon | 100.0 | 100.0 |   N/A |   N/A | 100.0 | 379.5
               +-------+-------+-------+-------+-------+----------------------
